 Dungeon Crawl Stone Soup version 0.20-a0-641-g673355a (webtiles) character file.

86 Laan the Magician (level 4, -3/30 HPs)
             Began as a Mummy Venom Mage on Feb 14, 2017.
             Slain by Zaque's ghost (6 damage)
             ... on level 3 of the Dungeon.
             The game lasted 00:04:43 (2268 turns).

Laan the Magician (Mummy Venom Mage)                Turns: 2268, Time: 00:04:43

Health: -3/30      AC:  2    Str: 11    XL:     4   Next: 27%
Magic:  10/10      EV: 12    Int: 15    God:
Gold:   130        SH:  0    Dex: 12    Spells: 10/11 levels left

rFire    x . .     SeeInvis .   c - +0 halberd
rCold    + . .     Gourm    .   m - +0 robe (curse)
rNeg     + + +     Faith    .   (shield currently unavailable)
rPois    ∞         Spirit   .   (no helmet)
rElec    .         Reflect  .   (no cloak)
rCorr    .         Harm     .   (no gloves)
MR       .....                  (no boots)
Stlth    ++........             (no amulet)
Regen    0.1/turn               (no ring)
MPRegen  0.2/turn               (no ring)

@: no status effects
A: no food or potions, fire vulnerability, cold resistance 1, negative energy
resistance 3, torment resistance, unbreathing
a: no special abilities


You were on level 3 of the Dungeon.
You were not hungry.

You visited 1 branch of the dungeon, and saw 3 of its levels.

You collected 130 gold pieces.

Inventory:

Hand Weapons
 c - a +0 halberd (weapon)
 i - a +2 long sword of holy wrath
Armour
 m - a cursed +0 robe (worn)
Scrolls
 d - 2 scrolls of random uselessness {unknown}
 e - 3 scrolls of identify {unknown}
 f - a scroll of remove curse {unknown}
 g - a scroll of magic mapping {unknown}
 h - 3 scrolls of teleportation {unknown}
 j - a scroll of enchant armour {unknown}
 k - a scroll of fear {unknown}
 l - a scroll of noise {unknown}
Books
 b - a Young Poisoner's Handbook

   Spells                             Type                      Level
   a - Sting                          Conjuration/Poison           1
   b - Poisonous Vapours              Poison/Air                   2
   c - Mephitic Cloud                 Conjuration/Poison/Air       3
   d - Olgreb's Toxic Radiance        Poison                       4
   e - Venom Bolt                     Conjuration/Poison           5


   Skills:
 - Level 1.5 Dodging
 - Level 1.5 Stealth
 + Level 4.0 Spellcasting
 * Level 2.7 Conjurations
 - Level 2.4 Poison Magic


You had 10 spell levels left.
You knew the following spells:

 Your Spells              Type           Power        Failure   Level  Hunger
a - Sting                 Conj/Pois      ##..         8%          1    N/A

Dungeon Overview and Level Annotations

Branches:
Dungeon (3/15)

Altars:

Annotations:
D:3 Zaque's ghost, amateur OpTm


Innate Abilities, Weirdness & Mutations

You do not eat or drink.
Your flesh is vulnerable to fire.
You are immune to poison.
Your flesh is cold resistant. (rC+)
You are immune to negative energy. (rN+++)
You are immune to unholy pain and torment.
You can survive without breathing.


Message History

Casting: Sting
Confirm with . or Enter, or press ? or * to list all spells.
You can't see any susceptible monsters within range! (Use Z to cast anyway.) Zaque's ghost turns its malevolent gaze towards you.
There is a stone staircase leading up here.
You closely miss Zaque's ghost. Zaque's ghost closely misses you.
Zaque's ghost hits you.
You barely miss Zaque's ghost. Zaque's ghost hits you.
You closely miss Zaque's ghost.
Zaque's ghost wails, "To die, to sleep, no more."
Zaque's ghost hits you. Zaque's ghost closely misses you.
You slash Zaque's ghost!
Zaque's ghost is moderately damaged.
Zaque's ghost hits you!
You barely miss Zaque's ghost.
Zaque's ghost is moderately damaged.
Zaque's ghost hits you! x2
* * * LOW HITPOINT WARNING * * *
Zaque's ghost hits you.
You die...

##### #...#
..##...##
.........#####
...##....@...#
.
#...#.W#.....
###.##... ##.
#.# ##.# ...
... ... ...
.%. ... ...


You could see Zaque's ghost.

Vanquished Creatures
  2 gnolls (D:1)
  2 adders (D:2)
  A dart slug (D:1)
  3 giant cockroaches
  11 goblins
  3 hobgoblins
  3 jackals (D:2)
  A quokka (D:2)
  5 bats
  3 frilled lizards
  5 kobolds
  10 rats
49 creatures vanquished.

Notes
Turn   | Place    | Note
-------+----------+-------------------------------------------
     0 | D:1      | Laan the Mummy Venom Mage began the quest for the Orb.
     0 | D:1      | Reached XP level 1. HP: 13/13 MP: 4/4
     9 | D:1      | Reached skill level 3 in Spellcasting
     9 | D:1      | Reached skill level 1 in Conjurations
     9 | D:1      | Reached XP level 2. HP: 19/19 MP: 1/6
   433 | D:1      | Reached XP level 3. HP: 24/24 MP: 5/7
  1849 | D:2      | Reached XP level 4. HP: 30/30 MP: 6/9
  2039 | D:2      | Reached skill level 4 in Spellcasting
  2261 | D:3      | Noticed Zaque's ghost (amateur OpTm)
  2268 | D:3      | Slain by Zaque's ghost

Vault maps used:
D:1:      minmay_arrival_split_and_join
D:3:      chequers_ecumenical_altar_twisty, uniq_robin

Skill      XL: |  1  2  3  4 |
---------------+-------------+-----
Spellcasting   | 3 4 |  4.0
Conjurations   | 1 2 |  2.7
Dodging        | |  1.5
Stealth        | |  1.5
Poison Magic   | |  2.4

Action                   |  1- 3 |  4- 6 || total
-------------------------+-------+-------++-------
Melee: Halberd           |    14 |    11 ||    25
 Cast: Sting             |    77 |    18 ||    95
Armor: Robe              |     9 |     1 ||    10
Dodge: Dodged            |    31 |    10 ||    41
